APL (24 & UNDER)
DETROIT DIRTY SNOW @ NANTUCKET ORCAS
09/04/2025
 
TOP OF THE 1ST
Detroit Dirty Snow batting - Pitching for Nantucket Orcas : LHP Esteban Soto
Pitching: LHP Esteban Soto
Batting: RHB Don Hooper 0-0: Ball
1-0: Ball
2-0: Called Strike
2-1: Ground out 5-3 (Groundball, 56)
Batting: RHB Cristo Souza 0-0: Called Strike
0-1: Called Strike
0-2: Ball
1-2: Foul Ball, location: 2F
1-2: Strikes out swinging
Batting: LHB Eric Powell 0-0: Ball
1-0: Swinging Strike
1-1: Ball
2-1: DOUBLE (Flyball, 89D)
Batting: RHB Héctor Berrios 0-0: Ball
1-0: Ball
2-0: 2-RUN HOME RUN (Flyball, 7LD), Distance : 345 ft
Batting: SHB Tim Reid 0-0: Called Strike
0-1: Ball
1-1: Fly out, F4 (Popup, 34)
Top of the 1st over - 2 run(s), 2 hit(s), 0 error(s), 0 left on base; Detroit 2 - Nantucket 0
BOTTOM OF THE 1ST
Nantucket Orcas batting - Pitching for Detroit Dirty Snow : RHP David Padilla
Pitching: RHP David Padilla
Batting: RHB Jorge Hernández 0-0: Ball
1-0: Ball
2-0: Ball
3-0: Base on Balls
Batting: RHB Ramón Díaz 0-0: Ball
Jorge Hernández is caught stealing 2nd base
1-0: Called Strike
1-1: Swinging Strike
1-2: Ball
2-2: SINGLE (Line Drive, 9LS)
Batting: SHB Cory Campbell 0-0: Ball
1-0: Foul Ball, location: 2F
1-1: Foul Ball, location: 2F
1-2: Foul Ball, location: 2F
1-2: Ball
2-2: SINGLE (Line Drive, 4D)
Ramón Díaz to second
Batting: RHB Scotty Hicks 0-0: Ball
1-0: Grounds into double play, 6-4-3 (Groundball, 6)
Bottom of the 1st over - 0 run(s), 2 hit(s), 0 error(s), 1 left on base; Detroit 2 - Nantucket 0
TOP OF THE 2ND
Detroit Dirty Snow batting - Pitching for Nantucket Orcas : LHP Esteban Soto
Batting: RHB José Velásquez 0-0: SINGLE (Line Drive, 4MD)
Batting: RHB Charlie O'Farrell 0-0: Called Strike
José Velásquez steals 2nd base
0-1: Swinging Strike
0-2: Ball
1-2: Strikes out swinging
Batting: RHB Manny Perea 0-0: Ball
1-0: Foul Ball, location: 2F
1-1: Ball
2-1: Ball
3-1: Foul Ball, location: 2F
3-2: Base on Balls
Batting: SHB Alan Garland 0-0: Ball
José Velásquez steals 3rd base
Manny Perea to second
1-0: Called Strike
1-1: Ground out 5-3 (Groundball, 56S)
José Velásquez scores
Manny Perea to third
Batting: RHB Don Hooper 0-0: Called Strike
Balk!
Manny Perea scores
0-1: Ground out 1-3 (Groundball, 13S)
Top of the 2nd over - 2 run(s), 1 hit(s), 0 error(s), 0 left on base; Detroit 4 - Nantucket 0
BOTTOM OF THE 2ND
Nantucket Orcas batting - Pitching for Detroit Dirty Snow : RHP David Padilla
Batting: RHB Roberto Canó 0-0: Ground out 6-3 (Groundball, 6M)
Batting: RHB César Osequedo 0-0: Ground out 6-3 (Groundball, 6)
Batting: RHB Anastasio Villa 0-0: Ball
1-0: Ball
2-0: Called Strike
2-1: Foul Ball, location: 2F
2-2: Ball
3-2: Foul Ball, location: 2F
3-2: SINGLE (Groundball, 34D)
Batting: RHB Domingo Hernández 0-0: Fielders Choice at 2nd, U6 (Groundball, 6M)
Bottom of the 2nd over - 0 run(s), 1 hit(s), 0 error(s), 1 left on base; Detroit 4 - Nantucket 0
TOP OF THE 3RD
Detroit Dirty Snow batting - Pitching for Nantucket Orcas : LHP Esteban Soto
Batting: RHB Cristo Souza 0-0: Ball
1-0: Foul Ball, location: 2F
1-1: Foul Ball, location: 2F
1-2: Strikes out looking
Batting: LHB Eric Powell 0-0: Called Strike
0-1: Foul Ball, location: 2F
0-2: Ball
1-2: Ball
2-2: Fly out, F9 (Line Drive, 9M)
Batting: RHB Héctor Berrios 0-0: Called Strike
0-1: Ball
1-1: Ball
2-1: Ball
3-1: Called Strike
3-2: Strikes out swinging
Top of the 3rd over - 0 run(s), 0 hit(s), 0 error(s), 0 left on base; Detroit 4 - Nantucket 0
BOTTOM OF THE 3RD
Nantucket Orcas batting - Pitching for Detroit Dirty Snow : RHP David Padilla
Batting: RHB Anastasio Zartuche 0-0: Called Strike
0-1: Ball
1-1: Ball
2-1: Ground out 6-3 (Groundball, 6M)
Batting: RHB Jorge Hernández 0-0: Foul Ball, location: 2F
0-1: Foul Ball, location: 2F
0-2: Ball
1-2: Ball
2-2: Strikes out swinging
Batting: RHB Ramón Díaz 0-0: Called Strike
0-1: Called Strike
0-2: Ball
1-2: Strikes out swinging
Bottom of the 3rd over - 0 run(s), 0 hit(s), 0 error(s), 0 left on base; Detroit 4 - Nantucket 0
TOP OF THE 4TH
Detroit Dirty Snow batting - Pitching for Nantucket Orcas : LHP Esteban Soto
Batting: SHB Tim Reid 0-0: Called Strike
0-1: Ball
1-1: Ground out 6-3 (Groundball, 6M)
Batting: RHB José Velásquez 0-0: Called Strike
0-1: Called Strike
0-2: Ball
1-2: Ball
2-2: Ground out 1-3 (Groundball, 15)
Batting: RHB Charlie O'Farrell 0-0: Ball
1-0: Ball
2-0: Called Strike
2-1: Ball
3-1: Base on Balls
Batting: RHB Manny Perea 0-0: Called Strike
0-1: Called Strike
0-2: Foul Ball, location: 2F
0-2: Strikes out swinging
Top of the 4th over - 0 run(s), 0 hit(s), 0 error(s), 1 left on base; Detroit 4 - Nantucket 0
BOTTOM OF THE 4TH
Nantucket Orcas batting - Pitching for Detroit Dirty Snow : RHP David Padilla
Batting: SHB Cory Campbell 0-0: Ball
1-0: Ball
2-0: Foul Ball, location: 2F
2-1: Ground out 4-3 (Groundball, 4)
Batting: RHB Scotty Hicks 0-0: Ball
1-0: Ground out 6-3 (Groundball, 6M)
Batting: RHB Roberto Canó 0-0: Ground out 1-3 (Groundball, 13S)
Bottom of the 4th over - 0 run(s), 0 hit(s), 0 error(s), 0 left on base; Detroit 4 - Nantucket 0
TOP OF THE 5TH
Detroit Dirty Snow batting - Pitching for Nantucket Orcas : LHP Esteban Soto
Batting: SHB Alan Garland 0-0: Ball
1-0: Ball
2-0: Foul Ball, location: 2F
2-1: Foul Ball, location: 2F
2-2: Fly out, F6 (Line Drive, 6)
Batting: RHB Don Hooper 0-0: Called Strike
0-1: Foul Ball, location: 2F
0-2: Strikes out looking
Batting: RHB Cristo Souza 0-0: SINGLE (Groundball, 56D)
Batting: LHB Eric Powell 0-0: Ball
1-0: Ball
2-0: Ball
3-0: Base on Balls
Cristo Souza to second
Pitching: RHP Sean Flynn
Batting: RHB Héctor Berrios 0-0: Ball
1-0: Swinging Strike
1-1: Ball
2-1: Fly out, F2 (Popup, 2LF)
Top of the 5th over - 0 run(s), 1 hit(s), 0 error(s), 2 left on base; Detroit 4 - Nantucket 0
BOTTOM OF THE 5TH
Nantucket Orcas batting - Pitching for Detroit Dirty Snow : RHP David Padilla
Batting: RHB César Osequedo 0-0: Swinging Strike
0-1: Called Strike
0-2: Ground out 5-3 (Groundball, 56)
Batting: RHB Anastasio Villa 0-0: Ball
1-0: Ball
2-0: Called Strike
2-1: Swinging Strike
2-2: Ball
3-2: Strikes out swinging
Batting: RHB Domingo Hernández 0-0: Ball
1-0: Ball
2-0: Ball
3-0: Called Strike
3-1: Foul Ball, location: 2F
3-2: Base on Balls
Batting: RHB Anastasio Zartuche 0-0: Ball
1-0: Ball
2-0: Fielders Choice at 2nd, 6-4 (Groundball, 6)
Bottom of the 5th over - 0 run(s), 0 hit(s), 0 error(s), 0 left on base; Detroit 4 - Nantucket 0
TOP OF THE 6TH
Detroit Dirty Snow batting - Pitching for Nantucket Orcas : RHP Sean Flynn
Batting: SHB Tim Reid 0-0: Ball
1-0: Fly out, F8 (Flyball, 8RM)
Batting: RHB José Velásquez 0-0: Ground out 5-3 (Groundball, 5L)
Batting: RHB Charlie O'Farrell 0-0: Foul Ball, location: 2F
0-1: Foul Ball, location: 2F
0-2: Strikes out swinging
Top of the 6th over - 0 run(s), 0 hit(s), 0 error(s), 0 left on base; Detroit 4 - Nantucket 0
BOTTOM OF THE 6TH
Nantucket Orcas batting - Pitching for Detroit Dirty Snow : RHP David Padilla
Batting: RHB Jorge Hernández 0-0: Ball
1-0: Foul Ball, location: 2F
1-1: Called Strike
1-2: Ball
2-2: Ball
3-2: Base on Balls
Batting: RHB Ramón Díaz 0-0: Swinging Strike
0-1: Foul Ball, location: 2F
0-2: Strikes out looking
Batting: SHB Cory Campbell 0-0: Grounds into double play, 5-4-3 (Groundball, 56)
Bottom of the 6th over - 0 run(s), 0 hit(s), 0 error(s), 0 left on base; Detroit 4 - Nantucket 0
TOP OF THE 7TH
Detroit Dirty Snow batting - Pitching for Nantucket Orcas : RHP Sean Flynn
Batting: RHB Manny Perea 0-0: Foul Ball, location: 2F
0-1: Ball
1-1: Ball
2-1: Foul Ball, location: 2F
2-2: Foul Ball, location: 2F
2-2: Ball
3-2: Base on Balls
Batting: SHB Alan Garland 0-0: Bunted foul
0-1: Ball
1-1: Bunted foul
1-2: Grounds into double play, U6-3 (Groundball, 6)
Batting: RHB Don Hooper 0-0: Fly out, F8 (Flyball, 8RXD)
Top of the 7th over - 0 run(s), 0 hit(s), 0 error(s), 0 left on base; Detroit 4 - Nantucket 0
BOTTOM OF THE 7TH
Nantucket Orcas batting - Pitching for Detroit Dirty Snow : RHP David Padilla
Batting: RHB Scotty Hicks 0-0: Called Strike
0-1: Ball
1-1: Ground out 6-3 (Groundball, 6)
Batting: RHB Roberto Canó 0-0: Ball
1-0: Swinging Strike
1-1: Foul Ball, location: 2F
1-2: Strikes out swinging
Batting: RHB César Osequedo 0-0: SINGLE (Groundball, 6MD)
Batting: RHB Anastasio Villa 0-0: Ball
1-0: Ball
2-0: Called Strike
2-1: Ball
3-1: Fly out, F8 (Flyball, 8RS)
Bottom of the 7th over - 0 run(s), 1 hit(s), 0 error(s), 1 left on base; Detroit 4 - Nantucket 0
TOP OF THE 8TH
Detroit Dirty Snow batting - Pitching for Nantucket Orcas : RHP Sean Flynn
Pitching: RHP Stephen Horton
Batting: RHB Cristo Souza 0-0: Called Strike
0-1: Called Strike
0-2: Ball
1-2: Ball
2-2: Strikes out swinging
Batting: LHB Eric Powell 0-0: Foul Ball, location: 2F
0-1: Foul Ball, location: 2F
0-2: Ball
1-2: Ball
2-2: Ball
3-2: Strikes out swinging
Batting: RHB Héctor Berrios 0-0: Called Strike
0-1: Fly out, F8 (Flyball, 8RM)
Top of the 8th over - 0 run(s), 0 hit(s), 0 error(s), 0 left on base; Detroit 4 - Nantucket 0
BOTTOM OF THE 8TH
Nantucket Orcas batting - Pitching for Detroit Dirty Snow : RHP David Padilla
Pitching: RHP Vaughan Horne
Batting: RHB Domingo Hernández 0-0: Ball
1-0: Foul Ball, location: 2F
1-1: Ground out 6-3 (Groundball, 6M)
Batting: RHB Anastasio Zartuche 0-0: SOLO HOME RUN (Flyball, 78XD), Distance : 404 ft
Batting: RHB Jorge Hernández 0-0: Called Strike
0-1: Ground out 6-3 (Groundball, 6)
Batting: RHB Ramón Díaz 0-0: Called Strike
0-1: Ball
1-1: Ball
2-1: Foul Ball, location: 2F
This league is powered by Out of the Park Baseball, the baseball management simulation game for PC, Mac and Linux
Tuesday, August 2nd, 2016 - OOTP Baseball 16.8 Build 38